Map: Polka LE

Players

Sneakyman - Winner!

  • Race: Terran Terran
  • Spawn Location: 11:00

Johnnyman - Winner!

  • Race: Zerg Zerg
  • Spawn Location: 11:00

qqq

  • Race: Zerg Zerg
  • Spawn Location: 5:00

Massa

  • Race: Terran Terran
  • Spawn Location: 5:00

VOD

Have the link to the VOD?

Description

Time

  • Played on: Oct. 2, 2020, 2:53 p.m.
  • Length: 12:35
Show
View Real Time Build Order
Export as new Build Order

Sneakyman Terran - Winner!

Build Orders: Reaper Expand 

Get SALT Encoding   

  12  0:01  SCV  
  13  0:14  SCV  
  14  0:24  Supply Depot  
  14  0:26  SCV  
  15  0:46  SCV  
  16  0:54  Barracks  
  16  0:58  SCV  
  16  1:01  Refinery  
  17  1:10  SCV  
  18  1:16  Refinery  
  18  1:44  Supply Depot  
  18  1:47  Orbital Command  
  18  1:57  Reaper  
  19  2:14  SCV, Command Center  
  20  2:18  Factory  
  20  2:29  Barracks Reactor  
  20  2:37  SCV  
  21  2:52  SCV  
  22  3:04  SCV  
  23  3:06  Factory Tech Lab  
  23  3:09  Starport  
  23  3:16  Barracks  
  23  3:17  SCV  
  24  3:25  Marine  
  24  3:26  Marine  
  26  3:27  Siege Tank  
  26  3:31  Supply Depot  
  29  3:34  SCV  
  30  3:41  Orbital Command  
  30  3:51  Marine x2  
  31  4:08  Barracks Tech Lab, Liberator  
  31  4:09  Marine  
  35  4:11  Siege Tank  
  35  4:12  SCV x2  
  40  4:27  Marine x3  
  40  4:31  SCV x2, Supply Depot  
  43  4:57  SCV  
  43  4:58  SCV  
  39  5:17  Starport Reactor, Stimpack  
  39  5:27  SCV x2  
  41  5:39  Marine x3  
  41  5:40  Siege Tank  
  47  5:52  SCV x2  
  49  5:58  Barracks  
  49  6:01  Barracks  
  49  6:17  Marine x2  
  49  6:18  Marine  
  52  6:24  Command Center  
  49  6:33  Medivac x2, Siege Tank  
  49  6:35  Marine x2  
  49  6:39  Marine  
  59  6:41  SCV x2  
  61  6:47  Supply Depot  
  61  6:49  Supply Depot  
  61  6:50  Supply Depot  
  61  6:53  Barracks Reactor x2, SCV  
  62  6:56  Combat Shield  
  62  7:08  Marine x3  
  65  7:18  Siege Tank  
  68  7:26  Engineering Bay, Marine  
  68  7:29  SCV x2  
  71  7:30  Engineering Bay, Supply Depot  
  71  7:31  Supply Depot  
  71  7:50  Marine  
  71  7:51  Marine x6  
  77  7:52  Medivac, Siege Tank  
  82  8:08  Marine x3  
  84  8:29  Marine x7  
  91  8:47  Marine  
  92  8:56  Marine  
  92  8:57  Marine x5, Medivac, Siege Tank  
  92  8:58  Medivac  
  105  9:03  SCV x2  
  105  9:04  Marine  
  105  9:09  Refinery  
  108  9:10  Refinery  
  108  9:14  Marine x2  
  108  9:15  SCV  
  111  9:25  Marine x4  
  111  9:28  Supply Depot  
  111  9:29  Terran Infantry Armor Level 1, Terran Infantry Weapons Level 1, Supply Depot x2  
  115  9:48  Orbital Command  
  115  9:49  SCV x2  
  115  9:52  Marine  
  117  9:53  Marine x6  
  124  10:00  Armory  
  124  10:01  SCV  
  124  10:02  SCV  
  126  10:13  SCV, Supply Depot  
  127  10:14  SCV, Supply Depot  
  128  10:25  SCV  
  94  11:18  Marine x3  
  89  11:19  Marine x2  
  90  11:36  Marine x5  
  95  11:46  Medivac x2, Siege Tank  
  102  11:50  Barracks  
  102  11:52  Barracks x2  
  102  11:54  Marine x5  
  105  12:11  Marine  
  105  12:12  Marine x3  
Show
View Real Time Build Order
Export as new Build Order

Johnnyman Zerg - Winner!

Build Orders: Hatch First 

Get SALT Encoding   

  12  0:00  Drone  
  13  0:08  Drone  
  14  0:17  Overlord  
  14  0:27  Extractor  
  13  0:29  Drone  
  15  0:35  Drone  
  15  0:36  Drone  
  17  0:55  Hatchery  
  16  0:57  Drone  
  16  1:01  Drone  
  18  1:07  Drone  
  19  1:12  Extractor  
  18  1:20  Drone  
  19  1:29  Spawning Pool  
  19  1:30  Drone  
  19  1:47  Overlord  
  19  1:48  Drone  
  20  1:55  Extractor  
  20  1:59  Drone  
  20  2:07  Drone  
  21  2:10  Drone  
  22  2:17  Lair  
  22  2:18  Queen  
  24  2:23  Drone x2  
  25  2:41  Drone x2  
  25  2:43  Drone x2  
  29  2:52  Overlord  
  29  3:00  Zergling x2  
  30  3:10  Queen  
  32  3:16  Spire  
  32  3:19  Queen  
  31  3:20  Drone  
  31  3:21  Drone x2  
  31  3:22  Drone  
  37  3:27  Extractor  
  37  3:30  Extractor  
  37  3:33  Drone  
  37  3:34  Drone  
  37  3:35  Drone  
  37  3:37  Zergling x2  
  37  3:40  Metabolic Boost  
  39  3:42  Zergling x2  
  40  3:52  Spore Crawler  
  39  3:55  Drone  
  40  4:09  Drone  
  42  4:10  Drone x2  
  42  4:14  Drone  
  44  4:18  Overlord  
  44  4:19  Overlord  
  44  4:37  Mutalisk x4  
  52  4:39  Mutalisk  
  55  4:45  Zergling x4  
  56  5:00  Mutalisk x2  
  56  5:02  Overlord  
  58  5:59  Hatchery  
  57  6:09  Mutalisk x5  
  67  6:50  Drone  
  67  6:52  Overlord  
  67  6:53  Overlord x3  
  68  7:03  Baneling Nest  
  68  7:04  Zerg Flyer Armor Level 1  
  67  7:20  Zergling x2  
  67  7:21  Zergling x30  
  77  8:04  Mutalisk  
  77  8:05  Mutalisk x5  
  78  8:09  Queen  
  78  8:10  Drone  
  78  8:11  Drone x3  
  85  9:12  Drone  
  85  9:13  Drone x17  
  85  9:15  Extractor  
  85  9:16  Extractor, Spine Crawler, Spore Crawler  
  99  9:21  Drone x2  
  99  9:22  Drone  
  102  9:38  Spore Crawler  
  101  9:40  Spine Crawler  
  101  9:44  Mutalisk  
  101  9:45  Mutalisk x2  
  106  9:58  Overlord  
  106  9:59  Overlord x4  
  106  10:01  Hatchery  
  105  10:25  Zergling x16  
  105  10:26  Zergling x10  
  117  10:28  Centrifical Hooks  
  97  11:23  Mutalisk  
  97  11:24  Mutalisk x9  
  107  11:34  Zergling x2  
  90  12:14  Drone  
  90  12:15  Drone x5, Spine Crawler  
  93  12:20  Hatchery  
Show
View Real Time Build Order
Export as new Build Order

qqq Zerg 

Build Orders: Hatch First 

Get SALT Encoding   

  12  0:02  Drone  
  13  0:08  Drone  
  14  0:36  Hatchery  
  14  0:40  Drone  
  14  0:55  Spawning Pool  
  13  1:04  Overlord  
  13  1:08  Drone  
  14  1:12  Extractor  
  14  1:14  Drone  
  14  1:28  Drone x2  
  16  1:46  Drone  
  17  1:48  Queen  
  19  2:00  Drone x2  
  21  2:01  Queen  
  23  2:12  Overlord  
  23  2:13  Drone x2  
  25  2:21  Spine Crawler  
  24  2:24  Drone  
  24  2:29  Drone  
  26  2:30  Drone  
  27  2:39  Extractor  
  27  2:43  Drone x2  
  29  2:47  Zergling x4  
  31  2:54  Metabolic Boost  
  31  2:57  Zergling x6  
  34  3:04  Drone x2  
  36  3:10  Overlord  
  36  3:22  Overlord  
  36  3:35  Zergling x2  
  36  3:41  Drone x3  
  40  3:43  Zergling x2  
  41  3:50  Baneling Nest  
  40  3:59  Drone x3  
  43  4:05  Drone, Zergling x2  
  43  4:08  Roach Warren  
  43  4:09  Lair  
  44  4:13  Drone x2  
  46  4:17  Drone x3  
  49  4:26  Zergling x4  
  49  4:30  Hatchery  
  50  4:40  Pneumatized Carapace  
  50  4:47  Zergling x4  
  50  4:48  Overlord x3  
  51  4:59  Overlord  
  51  5:00  Overlord x3  
  51  5:07  Glial Reconstitution  
  51  5:15  Zergling x2  
  51  5:16  Zergling x2, Roach  
  55  5:26  Spore Crawler  
  54  5:29  Spore Crawler  
  53  5:36  Spore Crawler x2  
  53  5:37  Extractor  
  49  5:43  Drone  
  49  5:47  Drone  
  49  5:48  Hatchery, Drone  
  49  5:49  Drone  
  52  5:59  Spore Crawler  
  51  6:04  Hydralisk Den  
  50  6:14  Drone x2  
  50  6:15  Drone  
  53  6:21  Hatchery, Roach x3  
  58  6:35  Drone  
  58  6:37  Queen, Spore Crawler  
  60  6:42  Hydralisk  
  60  6:46  Drone  
  60  6:47  Drone x6  
  69  7:02  Zergling x2  
  69  7:03  Zergling x12  
  69  7:04  Drone x3  
  69  7:05  Drone  
  80  7:16  Hydralisk  
  80  7:18  Muscular Augments  
  82  7:24  Zergling x8  
  86  7:32  Hatchery  
  86  7:34  Hatchery, Roach x2  
  86  7:35  Drone  
  89  7:50  Roach  
  89  7:53  Roach  
  89  7:54  Overlord, Roach  
  89  7:55  Overlord  
  89  7:56  Overlord x2  
  63  8:17  Roach  
  63  8:18  Roach x3  
  58  8:27  Hydralisk x2  
  58  8:30  Grooved Spines  
  58  8:31  Drone  
  63  8:35  Extractor  
  63  8:36  Extractor  
  63  8:37  Spore Crawler x2  
  59  8:53  Hydralisk  
  59  8:54  Hydralisk  
  61  9:00  Queen  
  61  9:06  Hydralisk x2  
  61  9:09  Drone  
  67  9:10  Drone x2  
  68  9:23  Drone x2  
  68  9:24  Drone x2  
  72  9:26  Overlord x3  
  72  9:27  Hydralisk x2  
  76  9:35  Queen  
  78  9:39  Hydralisk x3, Evolution Chamber  
  78  9:41  Evolution Chamber, Spore Crawler  
  78  9:42  Drone  
  78  9:43  Drone  
  78  9:44  Hydralisk  
  85  9:55  Zergling x10  
  85  9:56  Zergling x2  
  85  9:57  Drone x2  
  93  10:00  Drone  
  94  10:13  Roach x4  
  102  10:15  Drone  
  103  10:24  Hydralisk x2  
  103  10:26  Drone  
  108  10:38  Hydralisk x3  
  104  10:57  Hydralisk x3  
  104  10:59  Roach x3  
  100  11:21  Roach x4  
  100  11:22  Hydralisk, Roach x2  
  98  11:40  Roach x7  
  88  12:04  Hydralisk x6  
Show
View Real Time Build Order
Export as new Build Order

Massa Terran 

Build Orders: 1/1/1, Liberator Opening 

Get SALT Encoding   

  12  0:00  SCV  
  13  0:12  SCV  
  14  0:23  Supply Depot  
  14  0:24  SCV  
  15  0:30  Refinery  
  15  0:45  SCV, Barracks  
  17  0:57  SCV  
  17  1:04  Refinery  
  17  1:09  SCV  
  18  1:21  SCV  
  19  1:35  Factory, Marine  
  19  1:38  Orbital Command  
  20  1:54  Marine  
  21  2:19  SCV  
  22  2:23  Starport  
  22  2:31  SCV  
  22  2:36  Command Center  
  23  2:41  Supply Depot  
  23  2:54  Supply Depot  
  23  3:02  Reaper  
  23  3:03  Widow Mine  
  26  3:06  SCV  
  27  3:18  SCV  
  28  3:30  SCV  
  28  3:32  Liberator  
  32  3:35  Reaper  
  33  3:46  Widow Mine  
  33  3:47  SCV  
  36  3:51  Command Center  
  36  3:52  Engineering Bay  
  36  3:59  SCV  
  37  4:05  Orbital Command  
  37  4:06  Marine  
  38  4:11  SCV  
  39  4:23  SCV  
  39  5:03  Barracks Tech Lab  
  38  5:08  Orbital Command  
  38  5:10  SCV x2  
  38  5:12  Medivac  
  42  5:14  Factory Tech Lab  
  39  5:22  SCV x2  
  39  5:24  Barracks  
  39  5:25  Barracks x2, Missile Turret  
  39  5:26  Barracks  
  41  5:29  Missile Turret  
  41  5:31  Missile Turret  
  41  5:33  Missile Turret  
  41  5:34  SCV  
  45  5:37  Marine  
  46  5:42  Medivac  
  46  5:45  Widow Mine  
  47  5:52  Missile Turret  
  47  6:03  SCV x3  
  48  6:07  Widow Mine  
  48  6:15  SCV x2  
  50  6:27  Barracks Tech Lab x2  
  50  6:28  Barracks Reactor x2  
  50  6:35  Refinery  
  50  6:50  Siege Tank  
  50  6:53  Viking  
  55  6:55  Marauder, Stimpack  
  55  6:57  Marauder x2  
  61  7:02  Terran Infantry Weapons Level 1  
  61  7:08  SCV  
  61  7:09  SCV x2  
  61  7:10  Refinery  
  64  7:16  Marauder  
  68  7:23  Widow Mine  
  68  7:33  Supply Depot x3  
  68  7:34  Supply Depot  
  68  7:36  Viking, Supply Depot x2  
  68  7:45  Armory  
  63  8:00  Siege Tank  
  63  8:01  Marauder  
  63  8:02  Marauder x2, Marine x3  
  63  8:03  Marine  
  76  8:20  Marine x2  
  76  8:22  Medivac  
  76  8:23  Marauder  
  76  8:24  Marauder x2  
  86  8:29  Missile Turret  
  86  8:31  Missile Turret  
  86  8:44  Marauder  
  86  8:45  Terran Vehicle Weapons Level 1  
  86  8:46  Marauder, Marine x4  
  94  8:56  Terran Infantry Armor Level 1  
  94  9:01  Combat Shield  
  92  9:19  Liberator  
  97  9:26  Siege Tank  
  98  9:32  Marine x7  
  105  9:39  Concussive Shells  
  105  9:40  Engineering Bay  
  105  9:49  Marine  
  105  9:50  Marine x2  
  108  10:01  Liberator  
  111  10:42  Siege Tank  
  114  10:43  Marine  
  114  10:44  Marauder  
  114  10:46  Starport Reactor  
  117  10:50  Supply Depot  
  117  10:52  Supply Depot  
  117  10:53  Marine x2  
  117  10:54  Marine, Supply Depot  
  117  10:55  Marauder x2  
  103  11:01  Marine  
  59  11:16  Marauder x2  
  44  11:26  Marine  
  44  11:27  Marine x3  
  32  11:36  Supply Depot  
  32  11:37  Marauder, Supply Depot  
  32  11:38  Marauder  
  33  11:42  Supply Depot  
  33  11:44  Marine x2  
  33  11:45  Marine  
  35  11:59  Marauder x2  
  39  12:02  Marine  
  29  12:27  Factory  
Tags
 
Add a new tag
Caveats
  • Supply blocks, unpowered buildings, or Contaminate may cause inaccurate times.
  • Supply counts are checked every 10 seconds.